 Dungeon Crawl Stone Soup version 0.27-a0-652-g2d5cf1dcd3 (webtiles) character file.

Game seed: 6941969987146957572

70 Gaff the Skirmisher (level 4, -3/48 HPs)
             Began as an Ogre Warper on Mar 16, 2021.
             Slain by an orc
             ... wielding a +0 mace
              (10 damage)
             ... on level 2 of the Dungeon.
             The game lasted 00:04:14 (1106 turns).

Gaff the Skirmisher (Ogre Warper)                   Turns: 1106, Time: 00:04:16

Health: -3/48      AC:  3    Str: 16    XL:     4   Next: 22%
Magic:  7/7        EV: 10    Int: 14    God:
Gold:   73         SH:  0    Dex:  8    Spells: 8/8 levels left

rFire    . . .     SeeInvis .   a - +0 mace
rCold    . . .     Faith    .   (no shield)
rNeg     . . .     Spirit   .   b - +0 robe
rPois    .         Reflect  .   (helmet restricted)
rElec    .         Harm     .   (no cloak)
rCorr    .         Rampage  .   (gloves unavailable)
Will     .....                  (boots unavailable)
Stlth    +.........             j - amulet of regeneration
HPRegen  1.16/turn              (no ring)
MPRegen  0.10/turn              (no ring)

@: no status effects
A: large, unfitting armour, tough skin 1
a: no special abilities


You were on level 2 of the Dungeon.
You visited 1 branch of the dungeon, and saw 3 of its levels.

You collected 73 gold pieces.

Inventory:

Hand Weapons
 a - a +0 mace (weapon)
Missiles
 e - 5 boomerangs of dispersal (quivered)
Armour
 b - a +0 robe (worn)
Jewellery
 j - an amulet of regeneration (around neck)
Scrolls
 d - a scroll of blinking
 g - 2 scrolls of teleportation {unknown}
 h - a scroll of identify
 l - a scroll of random uselessness {unknown}
 m - a scroll of fear {unknown}
Potions
 c - a potion of invisibility {unknown}
 f - a potion of ambrosia {unknown}
 i - 2 potions of curing
 k - a potion of degeneration {unknown}


   Skills:
 + Level 3.9 Fighting
 + Level 2.6 Maces & Flails
 - Level 1.0 Throwing
 + Level 2.9 Dodging
 - Level 2.5 Spellcasting
 - Level 2.6 Translocations


You had 8 spell levels left.
You didn't know any spells.
Your spell library contained the following spells:

 Spells                   Type           Power      Damage    Failure   Level
 Blink                    Tloc           N/A        N/A       12%         2
 Gell's Gravitas          Tloc           4%         N/A       22%         3
 Lesser Beckoning         Tloc           4%         N/A       22%         3
 Teleport Other           Tloc           9%         N/A       22%         3
 Manifold Assault         Tloc           9%         N/A       58%         4


Dungeon Overview and Level Annotations

Branches:
Dungeon (3/15)

Altars:
Cheibriados


Innate Abilities, Weirdness & Mutations

You are too large for most types of armour.
You have tough skin. (AC +1)


Message History

* * * LOW HITPOINT WARNING * * *
You are poisoned.
The adder poisons you! The goblin hits you with a +0 dagger.
* * * LOW HITPOINT WARNING * * *
The orc misses you.
A hobgoblin comes into view.
You feel sick. The goblin hits you with a +0 dagger.
* * * LOW HITPOINT WARNING * * *
The adder barely misses you.
You barely miss the adder.
The adder is lightly wounded.
The goblin hits you with a +0 dagger.
* * * LOW HITPOINT WARNING * * *
The adder barely misses you. The orc misses you.
You hit the adder.
The adder is heavily wounded.
You feel sick. The adder bites you.
* * * LOW HITPOINT WARNING * * *
The goblin closely misses you. The orc closely misses you. The adder bites you.
* * * LOW HITPOINT WARNING * * *
You are more poisoned.
The adder poisons you! The goblin barely misses you.
You feel better. The orc hits you with a +0 mace.
* * * LOW HITPOINT WARNING * * *
The adder bites you but does no damage. The goblin hits you with a +0 dagger.
* * * LOW HITPOINT WARNING * * *
You sock the adder!
You kill the adder!
The orc hits you with a +0 mace.
* * * LOW HITPOINT WARNING * * *
The goblin hits you with a +0 dagger.
* * * LOW HITPOINT WARNING * * *
The orc misses you.
You hit the goblin.
The goblin is moderately wounded.
The goblin hits you with a +0 dagger.
* * * LOW HITPOINT WARNING * * *
The hobgoblin hits you but does no damage.
The orc hits you with a +0 mace!
You die...

#.........#
........### #..
##......# ##..
###..###
...#######
#..## ........#
#.## #.......#
###.# #.......#
#...#
#.g.....##
..###
#.@......## .##
#.go...=..# ##
##. #.........#
####....
#........_.#
.......#
............#
......##
#.###.......###
........ #
#########
....... ..
....## .#


You could see an orc, a hobgoblin and a goblin.

Vanquished Creatures
  2 adders (D:2)
  2 worms
  A dart slug (D:1)
  2 leopard geckos
  5 giant cockroaches
  2 goblins (D:1)
  3 hobgoblins
  2 jackals (D:1)
  2 quokkas
  3 bats
  11 frilled lizards
  3 kobolds
  11 rats
49 creatures vanquished.

Vanquished Creatures (others)
  5 plants (D:1)
5 creatures vanquished.

Grand Total: 54 creatures vanquished

Notes
Turn   | Place    | Note
-------+----------+-------------------------------------------
     0 | D:1      | Gaff the Ogre Warper began the quest for the Orb.
     0 | D:1      | Reached XP level 1. HP: 22/22 MP: 3/3
   347 | D:1      | Reached XP level 2. HP: 27/29 MP: 5/5
   351 | D:1      | Reached skill level 3 in Fighting
   610 | D:1      | Reached XP level 3. HP: 37/37 MP: 6/6
   994 | D:2      | Noticed an ice beast
  1040 | D:3      | Reached XP level 4. HP: 44/48 MP: 7/7
  1093 | D:2      | Found a snail-covered altar of Cheibriados.
  1106 | D:2      | Slain by an orc

Illustrated notes

Levels and vault maps discovered:
D:1:      wander_arrival_peaceful_grave, layout_rooms, minivault_11,
          chequers_serial_rivers_small_3, minmay_lizard_king
D:2:      layout_rooms, cheibriados_altar_1, doesnt_xom_only_xom
D:3:      layout_rooms, lemuel_coloured_pillars_altar, uniq_ijyb

Skill      XL: |  1  2 |
---------------+-------+-----
Fighting       | 3 |  3.9
Maces & Flails | 2 |  2.6
Throwing       | |  1.0
Dodging        | |  2.9
Spellcasting   | |  2.5
Translocations | |  2.6

Action                   |  1- 3 |  4- 6 || total
-------------------------+-------+-------++-------
Melee: Mace              |   162 |    21 ||   183
  Use: Scroll            |       |     1 ||     1
       Potion            |       |     1 ||     1
Armor: Robe              |    53 |    20 ||    73
Dodge: Dodged            |   105 |    28 ||   133

Table legend: (Time is in decaauts)
 A = Elapsed time spent in this place.
 B = Non-inter-level travel time spent in this place.
 C = Inter-level travel time spent in this place.
 D = Time resting spent in this place.
 E = Time spent auto-exploring this place.
 F = Levels seen in this place.
 G = Mean time per level.
                   A        B        C        D        E       F      G
               +--------+--------+--------+--------+--------+-----+--------+
         Total |   1166 |   1144 |     22 |     25 |    556 |   3 |  388.7 |
       Dungeon |   1166 |   1144 |     22 |     25 |    556 |   3 |  388.7 |
               +--------+--------+--------+--------+--------+-----+--------+

Top non-repeatable levels by time:
     D:1: 875 daAuts
     D:2: 219 daAuts
     D:3: 72 daAuts
